 Dungeon Crawl Stone Soup version 0.30.1-3-gfc49f6343a (webtiles) character file.

Game seed: 9847953433142266597

118696 Zeor the Demonic Catastrophe (level 16, -6/126 HPs)
             Began as a Demonspawn Gladiator on Aug 6, 2023.
             Was an Elder of Qazlal.
             Mangled by a death cob (27 damage)
             ... created by the anger of Yredelemnul
             ... on level 2 of the Snake Pit.
             The game lasted 02:21:24 (21862 turns).

Zeor the Demonic Catastrophe (DsGl)                Turns: 21862, Time: 02:21:25

Health: -6/126     AC: 13    Str: 15    XL:     16   Next: 26%
Magic:  27/27      EV: 29    Int: 12    God:    Qazlal [****..]
Gold:   1207       SH:  5    Dex: 29    Spells: 15/15 levels left

rFire   . . .        a - +5 falchion (freeze)
rCold   + + +        (no shield)
rNeg    + . .        R - +4 skin of Zhor {*Englaciate rC+++ SInv}
rPois   +            (helmet unavailable)
rElec   +            D - +0 cloak
rCorr   .            g - +1 pair of gloves {hurl}
SInv    +            y - +2 pair of boots
Will    +....        h - amulet of regeneration
Stlth   ++           S - ring of the Death Scarab {rElec rPois rN+ Dex+4}
HPRegen 1.21/turn    z - ring of Enaazxef {EV+5 Dex+5}
MPRegen 0.20/turn

%: repel missiles
@: slowed, very slow
A: antennae 3, ignite blood 2, weakness stinger 2, demonic touch 2
a: Renounce Religion, Upheaval, Elemental Force


You were on level 2 of the Snake Pit.
You worshipped Qazlal.
Qazlal was greatly pleased with you.
You visited 5 branches of the dungeon, and saw 23 of its levels.
You also visited: Gauntlet, Ice Cave and Volcano.

You collected 3119 gold pieces.
You spent 1912 gold pieces at shops.

Inventory:

Hand Weapons
 a - a +5 falchion of freezing (weapon)
 f - a +1 hand axe of flaming
 A - a +0 scimitar of flaming
 F - a +5 long sword
Missiles
 d - 4 silver boomerangs
 e - 17 javelins (quivered)
 i - 10 curare-tipped darts
 q - 29 poisoned darts
 u - 7 throwing nets
Armour
 b - a +3 chain mail of willpower
 g - a +1 pair of gloves of hurling (worn)
 x - a +2 leather armour of resistance
 y - a +2 pair of boots (worn)
 D - a +0 cloak (worn)
 R - the +4 skin of Zhor (worn) {*Englaciate rC+++ SInv}
   (You bought it in a shop on level 11 of the Dungeon)

   *Englaciate: It radiates cold, occasionally slowing all nearby creatures who
   are not resistant to cold.
   rC:        It renders you almost immune to cold.
   SInv:      It lets you see invisible.
 W - an orb of wrath
Jewellery
 h - an amulet of regeneration (around neck)
 l - an amulet of magic regeneration
 z - the ring of Enaazxef (right hand) {EV+5 Dex+5}
   (You found it in an ice cave)

   [ring of evasion]

   EV:        It affects your evasion (+5).
   Dex:       It affects your dexterity (+5).
 E - the ring of Nihilism {rC+ SInv}
   (You found it on level 8 of the Dungeon)

   [ring of see invisible]

   rC:        It protects you from cold.
   SInv:      It lets you see invisible.
 G - a ring of willpower
 S - the ring of the Death Scarab (left hand) {rElec rPois rN+ Dex+4}
   (You found it in a Gauntlet)

   [ring of poison resistance]

   Dex:       It affects your dexterity (+4).
   rElec:     It insulates you from electricity.
   rPois:     It protects you from poison.
   rN:        It protects you from negative energy.
 T - a ring of protection from cold
Wands
 o - a wand of mindburst (4)
 w - a wand of flame (38)
 C - a wand of roots (14)
 I - a wand of paralysis (33)
 J - a wand of light (27)
 K - a wand of polymorph (11)
 Q - a wand of digging (5)
Scrolls
 j - 4 scrolls of teleportation
 m - 6 scrolls of poison
 r - a scroll of butterflies
 t - 2 scrolls of fear
 H - 2 scrolls of enchant weapon
 L - 6 scrolls of identify
 M - 2 scrolls of magic mapping
 O - a scroll of fog
 P - a scroll of immolation
 X - a scroll of enchant armour
Potions
 c - 10 potions of flight
 k - 4 potions of might
 n - a potion of heal wounds
 p - 6 potions of lignification
 s - 9 potions of curing
 v - a potion of resistance
 B - a potion of invisibility
 N - 2 potions of magic
 V - 2 potions of haste


   Skills:
 * Level 11.6 Fighting
 + Level 0.6(9.5) Short Blades
 + Level 14.7 Long Blades
 + Level 4.0 Throwing
 + Level 6.3 Armour
 * Level 11.4 Dodging
 - Level 6.1 Stealth
 + Level 3.9 Shields
 + Level 10.1 Unarmed Combat
 * Level 15.9 Invocations


You had 15 spell levels left.
You didn't know any spells.
Your spell library contained the following spells:

 Spells                   Type           Power      Damage    Failure   Level
 Apportation              Tloc           0%         N/A       32%         1
 Kiss of Death            Conj/Necr      0%         2d5       32%         1
 Slow                     Hex            0%         N/A       32%         1
 Summon Small Mammal      Summ           0%         N/A       32%         1
 Cigotuvi's Dreadful Rot  Necr/Pois/Air  0%         N/A       45%         2
 Poisonous Vapours        Pois/Air       0%         N/A       45%         2
 Call Canine Familiar     Summ           0%         N/A       69%         3
 Confusing Touch          Hex            0%         N/A       69%         3
 Hailstorm                Conj/Ice       0%         3d3       69%         3
 Ignite Poison            Fire/Tmut/Pois 0%         N/A       69%         3
 Mephitic Cloud           Conj/Pois/Air  0%         N/A       69%         3
 Portal Projectile        Hex/Tloc       0%         N/A       69%         3
 Summon Guardian Golem    Hex/Summ       0%         N/A       69%         3
 Tukima's Dance           Hex            0%         N/A       69%         3
 Vampiric Draining        Necr           0%         2d6       69%         3
 Dispel Undead            Necr           0%         3d6       97%         4
 Ice Form                 Ice/Tmut       0%         N/A       97%         4
 Leda's Liquefaction      Hex/Erth       0%         N/A       97%         4
 Passage of Golubria      Tloc           0%         N/A       97%         4
 Petrify                  Tmut/Erth      0%         N/A       97%         4
 Sticky Flame             Conj/Fire      0%         2d3       97%         4
 Alistair's Intoxication  Tmut/Pois      0%         N/A       100%        5
 Blade Hands              Tmut           0%         N/A       100%        5
 Freezing Cloud           Conj/Ice/Air   0%         6-21      100%        5
 Metabolic Englaciation   Hex/Ice        0%         N/A       100%        5
 Silence                  Hex/Air        0%         N/A       100%        5
 Yara's Violent Unravell  Hex/Tmut       0%         3d3       100%        5
 Simulacrum               Ice/Necr       0%         N/A       100%        6
 Statue Form              Tmut/Erth      0%         N/A       100%        6
 Ignition                 Fire           0%         3d3       100%        8
 Lehudib's Crystal Spear  Conj/Erth      0%         10d2      100%        8


Dungeon Overview and Level Annotations

Branches:
Dungeon (13/15)            Temple (1/1) D:6            Lair (5/5) D:11
  Swamp (0/4) Lair:3        Snake (2/4) Lair:3        Slime (0/5) Lair:4
    Orc (2/2) D:12            Elf (0/3) Orc:2        Vaults (0/5) D:13
  IceCv (visited)         Volcano (visited)         Gauntlet (visited)

Altars:
Ashenzari
Cheibriados
Dithmenos
Fedhas
Gozag
Hepliaklqana
Kikubaaqudgha
Makhleb
Nemelex Xobeh
Okawaru
Qazlal
Ru
Sif Muna
Trog
Uskayaw
Vehumet
Wu Jian
Xom
Yredelemnul
Jiyva

Shops:
D:7 =   D:11 [   Orc:1 [[[   Orc:2 (([=*   Snake:1 *

Annotations:
D:4 1 runed translucent door, Crazy Yiuf
D:8 3 runed translucent doors, hawla's ghost, journeyman MeFE
Lair:4 2 transporters, billz999's ghost, journeyman DjIE


Innate Abilities, Weirdness & Mutations

You have a pair of large antennae on your head. (SInv)
Your demonic aura often causes spilled blood to erupt in flames.
You have a tail ending in a sharp stinger.
Your touch may inflict irresistible damage on your foes.


Message History

The death cob hits you!
You miss the death cob.
The death cob is lightly damaged.
The death cob misses you. The death cob completely misses you.
You slash the death cob!
You tail-slap the death cob, but do no damage.
You punch the death cob.
The death cob is lightly damaged.
The death cob hits you!!
You hit the death cob. You freeze the death cob.
You tail-slap the death cob, but do no damage.
The death cob is moderately damaged.
The death cob hits you. The death cob drains your vigour!
You feel yourself slow down. The death cob barely misses you.
You hit the death cob. Your touch misses the death cob.
The death cob is moderately damaged.
The death cob completely misses you. The death cob hits you!!
You hit the death cob but do no damage.
Your tail-slap misses the death cob.
The death cob is lightly damaged.
The death cob completely misses you. The death cob barely misses you.
You closely miss the death cob. Your touch misses the death cob.
The death cob is lightly damaged.
The death cob closely misses you. The death cob barely misses you.
You hit the death cob but do no damage.
Your tail-slap misses the death cob.
You touch the death cob!
The death cob is moderately damaged.
The death cob hits you! The death cob hits you!!
* * * LOW HITPOINT WARNING * * *
The death cob drains your vigour!
You feel as though you will be slow longer.
The death cob misses you.
The death cob is engulfed in blazing flames.
The death cob hits you!
* * * LOW HITPOINT WARNING * * *
The death cob drains your vigour!
You feel as though you will be slow longer.
You feel much better. You block the death cob's attack. The death cob hits you!
* * * LOW HITPOINT WARNING * * *
The death cob hits you!!
You die... ∙∙∙∙∙∙∙∙∙∙∙∙∙∙∙∙∙∙∙∙▒∙ ∙∙∙∙∙∙∙∙∙∙∙∙∙∙∙∙∙∙∙∙∙ ∙∙∙∙∙∙∙∙∙∙∙∙∙∙∙∙∙∙∙∙▒ ∙∙∙[∙∙∙∙∙∙∙∙∙∙∙∙∙∙∙∙▒ ∙∙∙∙∙∙∙∙∙∙∙∙∙∙∙∙∙∙∙∙▒▒ ∙∙∙ ∙∙!∙∙∙∙∙∙∙∙∙∙∙∙∙∙∙∙∙∙▒▒ ∙∙∙∙

∙∙∙∙∙∙∙∙∙∙∙∙∙∙∙∙∙○∙∙∙∙▒▒ ∙∙∙
∙∙∙∙∙∙∙∙∙∙∙∙∙∙°°∙▒∙∙∙∙∙▒▒ ∙∙∙
∙∙∙∙)∙÷∙∙∙∙∙∙∙∙z6▒▒∙∙∙∙∙▒▒▒∙▒
∙∙▒∙÷)∙∙∙∙∙∙∙∙▒▒▒▒∙∙∙∙∙∙∙∙∙∙▒
∙∙∙∙∙∙∙∙∙∙∙∙∙∙∙∙▒▒▒∙∙∙†∙))∙▒▒
∙∙∙∙∙∙∙∙∙∙∙∙∙∙∙∙▒▒∙∙∙∙∙∙))∙▒▒
∙∙∙∙∙∙∙∙)∙∙∙∙∙∙∙∙∙∙∙∙∙∙∙∙)∙∙▒▒▒
▒▒∙)∙÷∙∙∙∙∙∙∙∙∙∙∙∙∙∙∙∙∙∙)∙∙∙∙∙∙∙
▒▒▒<[∙∙∙∙∙∙∙∙∙∙∙∙∙∙∙∙▒▒(∙)∙∙!∙∙
▒▒▒∙)∙∙∙∙∙∙∙∙∙>∙∙∙∙∙▒▒▒▒∙∙∙∙∙∙∙
▒▒∙∙∙∙∙∙∙∙∙†∙∙∙∙∙∙∙▒▒▒ ▒▒∙∙∙∙∙


You could see a death cob.

Vanquished Creatures
  2 nagarajas (Snake:2)
  2 orc warlords
  A quicksilver ooze (Gauntlet)
  A vampire knight (Snake:1)
  Nessos (Orc:2)
  A dire elephant (Lair:5)
  A minotaur (Gauntlet)
  2 eidola
  An ettin (Orc:1)
  Fannar (D:10)
  3 catoblepae
  A salamander tyrant (Snake:2)
  3 ogre magi (Orc:1)
  A hydra (Lair:5)
  A boulder beetle (D:13)
  An ironbound frostheart (IceCv)
  8 anacondas
  3 two-headed ogres
  2 centaur warriors
  2 dancing weapons (D:13)
  A deep troll shaman (Lair:5)
  6 death yaks
  4 naga warriors
  A tengu warrior (D:13)
  4 orc high priests
  Urug (Orc:1)
  3 shock serpents
  7 naga sharpshooters
  Sonja (Lair:1)
  Nergalle (Orc:1)
  A fire crab (Gauntlet)
  A skeletal warrior (D:11)
  2 skysharks
  A salamander mystic (Snake:1)
  2 sea snakes (Snake:1)
  A bog body (Gauntlet)
  A deep elf archer (Volcano)
  2 flayed ghosts
  5 orc knights (Orc:2)
  2 naga ritualists (Snake:2)
  A necromancer (Lair:4)
  6 deep elf pyromancers
  3 mana vipers (Snake:2)
  2 cyclopes
  6 orc sorcerers
  3 ugly things
  A manticore (D:11)
  Maurice (Orc:1)
  8 salamanders
  11 elephants (Lair:5)
  19 black mambas
  A torpor snail (Lair:4)
  9 naga magi
  A guardian serpent (Snake:2)
  An unseen horror (D:12)
  8 cane toads
  A gargoyle (D:12)
  An unseen horror zombie (D:9)
  An efreet (D:13)
  7 komodo dragons
  2 tengu conjurers (D:13)
  A troll (D:10)
  10 polar bears
  6 hornets
  6 blink frogs
  11 dream sheep
  2 wraiths
  2 centaur simulacra (D:12)
  A shadow (D:10)
  A vampire (D:10)
  4 wyverns
  4 slime creatures (D:13)
  11 fire bats
  3 fire elementals (Volcano)
  2 basilisks
  32 yaks
  Eustachio (D:4)
  4 vampire mosquitoes (D:12)
  2 acid dragons (D:11)
  5 wargs
  17 nagas
  12 water moccasins
  9 hell hounds
  2 floating eyes (Orc:1)
  4 black bears
  37 orc warriors
  3 ice beasts
  A hornet zombie (D:10)
  3 ogres
  39 wolves
  9 centaurs
  A komodo dragon zombie (Lair:2)
  A phantom (D:5)
  2 kobold brigands
  12 bullfrogs
  2 gnoll sergeants
  A wyvern zombie (D:9)
  2 water moccasin zombies (Lair:3)
  11 wights
  3 yak zombies
  17 killer bees
  3 howler monkeys
  4 electric eels
  2 wolf zombies (Lair:3)
  2 lava snakes (D:8)
  A centaur zombie (D:9)
  5 jellies
  15 orc priests
  A black bear zombie (Lair:2)
  2 gnoll boudas
  A hound (D:5)
  2 sleepcaps (D:5)
  Ijyb (D:4)
  31 orc wizards
  3 iguanas
  4 polar bear simulacra (Lair:4)
  4 yak simulacra (Lair:4)
  2 wolf simulacra (Lair:4)
  A killer bee zombie (D:7)
  An acid dragon zombie (D:11)
  2 howler monkey zombies (D:9)
  24 gnolls
  7 adders
  A shadow imp (D:7)
  15 white imps (D:12)
  An ufetubus (D:6)
  3 adder zombies
  An iguana zombie (D:5)
  A spectral white imp (D:12)
  5 dart slugs
  54 orcs
  2 bats
  8 endoplasms
  4 giant cockroaches
  3 gnoll zombies
  5 goblins
  3 hobgoblins
  4 quokkas
  3 training dummies (Orc:2)
  11 ball pythons
  2 frilled lizards
  9 kobolds
  A kobold zombie (D:10)
  5 orc zombies
  5 rats
  A river rat simulacrum (Lair:4)
739 creatures vanquished.

Vanquished Creatures (collateral kills)
  A death cob (D:13)
  An orc warlord (Orc:2)
  A two-headed ogre (Orc:2)
  An ironbound frostheart (IceCv)
  A death yak (IceCv)
  A skeletal warrior (D:11)
  A black mamba (Snake:2)
  An ice statue (IceCv)
  A cane toad (Lair:3)
  An unseen horror zombie (D:9)
  A rime drake (IceCv)
  3 polar bears (IceCv)
  Prince Ribbit (D:5)
  A yak (IceCv)
  3 wargs (Orc:2)
  4 water moccasins
  4 orc warriors
  2 wolves
  A bullfrog (D:8)
  A kobold brigand (D:10)
  2 scorpions (D:4)
  A wight (D:9)
  A killer bee (D:7)
  An orc priest (Orc:2)
  A hound (D:5)
  A sleepcap (D:4)
  2 orc wizards (Orc:2)
  2 gnolls (D:6)
  15 orcs
  A goblin (D:3)
  8 kobolds
  A ball python (D:4)
  A bat (D:3)
68 creatures vanquished.

Vanquished Creatures (others)
  A mana viper (Snake:2)
  2 deep elf pyromancers (Volcano)
  A fire bat zombie (D:8)
  A rime drake zombie (IceCv)
  A wyvern zombie (D:9)
  A hell hound zombie (D:8)
  4 polar bear zombies (IceCv)
  4 yak zombies (IceCv)
  6 wolf zombies
  A centaur zombie (D:8)
  7 killer bee zombies
  An ice beast zombie (D:7)
  An ogre zombie (D:6)
  A howler monkey zombie (D:7)
  A spectral shadow imp (D:7)
  2 spectral white imps (D:12)
  An iguana zombie (D:6)
  An endoplasm zombie (D:4)
  A giant cockroach zombie (D:4)
  A gnoll zombie (D:5)
  4 kobold zombies
  11 orc zombies
  3 fire vortices (D:8)
57 creatures vanquished.

Grand Total: 864 creatures vanquished

Notes
Turn   | Place    | Note
-------+----------+-------------------------------------------
     0 | D:1      | Zeor the Demonspawn Gladiator began the quest for the Orb.
     0 | D:1      | Reached XP level 1. HP: 16/16 MP: 1/1
   124 | D:1      | Gained mutation: Your demonic aura sometimes causes spilled
                  | blood to erupt in flames. [demonic ancestry]
   124 | D:1      | Reached XP level 2. HP: 22/22 MP: 2/2
   569 | D:1      | Found a faded altar of an unknown god.
   899 | D:2      | Discovered your monstrous ancestry.
   899 | D:2      | Gained mutation: You have a pair of small antennae on your
                  | head. [demonic ancestry]
   899 | D:2      | Reached XP level 3. HP: 26/27 MP: 3/3
  1705 | D:3      | Found a basalt altar of Yredelemnul.
  1706 | D:3      | Found a sparkling altar of Nemelex Xobeh.
  1822 | D:3      | Became a worshipper of Yredelemnul the Dark
  2153 | D:3      | Reached XP level 4. HP: 34/34 MP: 4/4
  2381 | D:3      | Reached * piety under Yredelemnul
  2601 | D:3      | Reached skill level 1 in Armour
  2882 | D:4      | Noticed a scorpion
  2929 | D:4      | Reached skill level 1 in Invocations
  2975 | D:4      | Noticed Ijyb
  2975 | D:4      | Paralysed by Ijyb for 5 turns
  2996 | D:4      | Killed Ijyb
  2997 | D:4      | Gained mutation: You have a small tail. [demonic ancestry]
  2997 | D:4      | Reached XP level 5. HP: 35/37 MP: 4/6
  3041 | D:4      | Reached skill level 1 in Stealth
  3042 | D:4      | Noticed Eustachio
  3070 | D:4      | Killed Eustachio
  3070 | D:4      | Reached ** piety under Yredelemnul
  3071 | D:4      | Reached skill level 2 in Invocations
  3071 | D:4      | Reached XP level 6. HP: 46/46 MP: 7/7
  3229 | D:4      | Reached skill level 3 in Invocations
  3500 | D:4      | Found a runed translucent door.
  3501 | D:4      | Noticed Crazy Yiuf
  3738 | D:5      | Entered Level 5 of the Dungeon
  3797 | D:5      | Gained mutation: You have a pair of antennae on your head.
                  | [demonic ancestry]
  3797 | D:5      | Reached XP level 7. HP: 52/52 MP: 9/9
  4178 | D:5      | Reached skill level 4 in Invocations
  4349 | D:5      | Noticed Prince Ribbit
  4370 | D:5      | Killed Prince Ribbit
  4371 | D:5      | Reached skill level 5 in Long Blades
  4371 | D:5      | Reached skill level 5 in Invocations
  4371 | D:5      | Gained mutation: You have a pair of large antennae on your
                  | head. (SInv) [demonic ancestry]
  4371 | D:5      | Reached XP level 8. HP: 46/58 MP: 10/12
  4883 | D:6      | Reached skill level 6 in Invocations
  4920 | D:6      | Found a staircase to the Ecumenical Temple.
  5620 | D:7      | Reached skill level 7 in Invocations
  5622 | D:7      | Gained mutation: Your touch may inflict minor irresistible
                  | damage on your foes. [demonic ancestry]
  5622 | D:7      | Reached XP level 9. HP: 31/65 MP: 14/14
  5692 | D:7      | Found Bial Begg's Jewellery Shoppe.
  5773 | D:7      | Reached *** piety under Yredelemnul
  5803 | D:7      | Found a shimmering blue altar of Sif Muna.
  6330 | D:8      | Identified the +1 dagger of Imbalance {pain, Int+3}
  6340 | D:8      | Reached skill level 1 in Unarmed Combat
  6340 | D:8      | Reached skill level 8 in Invocations
  6361 | D:8      | Found a hide-covered altar of Uskayaw.
  6453 | D:8      | Found a runed translucent gate.
  6454 | D:8      | Found a runed translucent gate.
  6454 | D:8      | Found a runed translucent gate.
  6455 | D:8      | Identified the +1 plate armour of the Poles {Will++ Stlth-}
  6456 | D:8      | Noticed hawla's ghost (journeyman MeFE)
  6507 | D:8      | Noticed a two-headed ogre
  6514 | D:8      | Killed a two-headed ogre
  6585 | D:8      | Found a bloodstained altar of Trog.
  6764 | D:8      | Reached skill level 5 in Dodging
  6769 | D:8      | Reached XP level 10. HP: 40/73 MP: 16/16
  6849 | D:8      | Identified the ring of Nihilism {rC+ SInv}
  6889 | D:8      | Reached skill level 5 in Fighting
  7136 | D:9      | Found a stormy altar of Qazlal.
  7263 | D:9      | Reached skill level 9 in Invocations
  7703 | D:9      | Found a hazy altar of Hepliaklqana.
  7927 | D:10     | Entered Level 10 of the Dungeon
  8048 | D:10     | Found an opulent altar of Gozag.
  8496 | D:10     | Reached skill level 10 in Invocations
  8540 | D:10     | Noticed Fannar
  8547 | D:10     | Killed Fannar
  8548 | D:10     | Reached skill level 5 in Stealth
  8572 | D:10     | Reached XP level 11. HP: 81/81 MP: 18/18
  9279 | D:11     | Found Paqosk's Armour Emporium.
  9363 | D:11     | You fall into a shaft and drop 2 floors!
  9460 | D:12     | Noticed a two-headed ogre
  9468 | D:12     | Killed a two-headed ogre
  9474 | D:12     | Found a frozen archway.
  9518 | IceCv    | Entered an ice cave
  9587 | IceCv    | Noticed a white ugly thing
  9595 | IceCv    | Killed a white ugly thing
  9596 | IceCv    | Reached skill level 5 in Unarmed Combat
  9648 | IceCv    | Reached skill level 11 in Invocations
  9656 | IceCv    | Reached skill level 5 in Armour
  9752 | IceCv    | Reached **** piety under Yredelemnul
  9764 | IceCv    | Noticed a death yak
  9768 | IceCv    | Reached ***** piety under Yredelemnul
  9779 | IceCv    | Killed a death yak
  9783 | IceCv    | Reached ****** piety under Yredelemnul
  9880 | IceCv    | Gained mutation: Your demonic aura often causes spilled
                  | blood to erupt in flames. [demonic ancestry]
  9880 | IceCv    | Reached XP level 12. HP: 81/91 MP: 20/20
 10005 | IceCv    | Noticed an ironbound frostheart
 10008 | IceCv    | Noticed an ironbound frostheart
 10013 | IceCv    | Noticed a death yak
 10026 | IceCv    | Killed an ironbound frostheart
 10028 | IceCv    | Killed a death yak
 10031 | IceCv    | Killed an ironbound frostheart
 10049 | IceCv    | Identified a scroll of acquirement
 10061 | IceCv    | Identified the ring of Enaazxef {EV+5 Dex+5}
 10128 | IceCv    | Acquired 813 gold pieces
 10240 | D:12     | Reached skill level 10 in Long Blades
 10272 | D:11     | Found a staircase to the Lair.
 10291 | Lair:1   | Entered Level 1 of the Lair of Beasts
 10389 | Lair:1   | Reached skill level 12 in Invocations
 10591 | Lair:1   | Noticed Sonja
 10598 | Lair:1   | Killed Sonja
 11532 | Lair:2   | Found a blossoming altar of Fedhas.
 12219 | Lair:3   | Found a staircase to the Swamp.
 12264 | Lair:3   | Found a staircase to the Snake Pit.
 12441 | D:11     | Bought the +4 skin of Zhor {*Englaciate rC+++ SInv} for
                  | 1130 gold pieces
 12441 | D:11     | Found the +4 skin of Zhor {*Englaciate rC+++ SInv}
 12567 | D:11     | Gained mutation: Your touch may inflict irresistible damage
                  | on your foes. [demonic ancestry]
 12567 | D:11     | Reached XP level 13. HP: 68/99 MP: 22/22
 13731 | Temple   | Entered the Ecumenical Temple
 13895 | D:9      | Fell from the grace of Yredelemnul
 13895 | D:9      | Became a worshipper of Qazlal Stormbringer
 14166 | Lair:4   | Reached skill level 13 in Invocations
 14212 | Lair:4   | Found a runed translucent door.
 14214 | Lair:4   | Found a viscous altar of Jiyva.
 14215 | Lair:4   | Found a staircase to the Slime Pits.
 14358 | Lair:4   | Found a dark tunnel.
 14377 | Volcano  | Entered a volcano
 14438 | Volcano  | Reached * piety under Qazlal
 15008 | Lair:4   | Reached ** piety under Qazlal
 15042 | Lair:4   | Found a transporter.
 15061 | Lair:4   | Found a transporter.
 15069 | Lair:4   | Found a bloodstained altar of Trog.
 15069 | Lair:4   | Noticed billz999's ghost (journeyman DjIE)
 15464 | Lair:5   | Entered Level 5 of the Lair of Beasts
 15546 | Lair:5   | Found a gate leading to a gauntlet.
 15552 | Gauntlet | Entered a Gauntlet
 15552 | Gauntlet | Found a large runed translucent door.
 15552 | Gauntlet | Found a large runed translucent door.
 15552 | Gauntlet | Found a large runed translucent door.
 15552 | Gauntlet | Found a large runed translucent door.
 15552 | Gauntlet | Found a large runed translucent door.
 15552 | Gauntlet | Found a large runed translucent door.
 15552 | Gauntlet | Found a runed translucent door.
 15552 | Gauntlet | Found a transporter.
 15552 | Gauntlet | Found a runed translucent door.
 15552 | Gauntlet | Found a large runed translucent door.
 15552 | Gauntlet | Found a large runed translucent door.
 15552 | Gauntlet | Found a large runed translucent door.
 15552 | Gauntlet | Found a large runed translucent door.
 15552 | Gauntlet | Found a large runed translucent door.
 15552 | Gauntlet | Found a large runed translucent door.
 15554 | Gauntlet | Found a runed translucent door.
 15555 | Gauntlet | Found a large runed translucent door.
 15555 | Gauntlet | Found a large runed translucent door.
 15555 | Gauntlet | Found a transporter.
 15556 | Gauntlet | Found a runed translucent gate.
 15556 | Gauntlet | Found a runed translucent door.
 15556 | Gauntlet | Found a runed translucent gate.
 15557 | Gauntlet | Found a transporter.
 15558 | Gauntlet | Found a transporter.
 15558 | Gauntlet | Noticed a quicksilver ooze
 15561 | Gauntlet | Found a transporter.
 15564 | Gauntlet | Found a transporter.
 15565 | Gauntlet | Found a runed translucent gate.
 15569 | Gauntlet | Found a large runed translucent door.
 15570 | Gauntlet | Found a transporter.
 15576 | Gauntlet | Found a transporter.
 15615 | Gauntlet | Noticed an eidolon
 15627 | Gauntlet | Killed an eidolon
 15659 | Gauntlet | Found a transporter.
 15663 | Gauntlet | Found a transporter.
 15684 | Gauntlet | Found a transporter.
 15692 | Gauntlet | Found a transporter.
 15715 | Gauntlet | Found a large runed translucent door.
 15743 | Gauntlet | Killed a quicksilver ooze
 15776 | Gauntlet | Identified the ring of the Death Scarab {rElec rPois rN+
                  | Dex+4}
 15806 | Gauntlet | Reached *** piety under Qazlal
 15878 | Gauntlet | Identified the +1 hat of Eternal Vigilance {Int+2 Dex+3}
 15929 | Gauntlet | Noticed a minotaur
 15937 | Gauntlet | Killed a minotaur
 15942 | Gauntlet | Identified the staff of conjuration "Sueqe" {rPois}
 15942 | Gauntlet | Identified the +3 shortbow of Woffutu {flame, Str+3 Int+2}
 15983 | Lair:5   | Reached XP level 14. HP: 88/108 MP: 24/24
 16298 | Lair:5   | Reached skill level 14 in Invocations
 16727 | Lair:5   | Reached **** piety under Qazlal
 16728 | Lair:5   | Reached skill level 1 in Shields
 16800 | Lair:5   | Identified the +6 spear of Unpleasantness {holy, rC+}
 17225 | D:12     | Found a staircase to the Orcish Mines.
 17785 | Orc:1    | Entered Level 1 of the Orcish Mines
 17787 | Orc:1    | Noticed Nergalle
 17809 | Orc:1    | Killed Nergalle
 17827 | Orc:1    | Noticed an orc warlord
 17846 | Orc:1    | Killed an orc warlord
 17952 | Orc:1    | Reached ***** piety under Qazlal
 18034 | Orc:1    | Found Wimpurea's Armour Emporium.
 18034 | Orc:1    | Found Mireplas's Armour Shop.
 18037 | Orc:1    | Found Ideifu Viaf's Antique Armour Shop.
 18083 | Orc:1    | Bought a polished leather armour for 175 gold pieces
 18083 | Orc:1    | Identified the +3 leather armour of Youthful Indiscretion
                  | {rPois Str+2 Int+2} (You bought it in a shop on level 1 of
                  | the Orcish Mines)
 18274 | Orc:1    | Reached skill level 10 in Fighting
 18407 | Orc:1    | Noticed Maurice
 18408 | Orc:1    | Noticed Urug
 18418 | Orc:1    | Killed Maurice
 18422 | Orc:1    | Killed Urug
 18654 | Orc:2    | Entered Level 2 of the Orcish Mines
 18690 | Orc:2    | Noticed Nessos
 18692 | Orc:2    | Paralysed by Nessos for 5 turns
 18709 | Orc:2    | Killed Nessos
 18747 | Orc:2    | Noticed an orc warlord
 18758 | Orc:2    | Killed an orc warlord
 18759 | Orc:2    | Reached XP level 15. HP: 47/115 MP: 15/26
 19096 | Orc:2    | Found Ethrokha's Antique Armour Shop.
 19105 | Orc:2    | Bought a pair of glowing gloves for 225 gold pieces
 19139 | Orc:2    | Found Igyweteod's Antique Weapon Emporium.
 19153 | Orc:2    | Reached skill level 15 in Invocations
 19229 | Orc:2    | Found Qyollaf's Jewellery Emporium.
 19252 | Orc:2    | Bought a glowing great sword for 342 gold pieces
 19406 | Orc:2    | Found Faozosic's General Store.
 19415 | Orc:2    | Bought 2 curare-tipped darts for 40 gold pieces
 19428 | Orc:2    | Found a staircase to the Elven Halls.
 19524 | Orc:2    | Found Xytsoxot's Firing Range.
 19986 | D:13     | Found a gate to the Vaults.
 20182 | D:13     | Noticed an ancient champion
 20182 | D:13     | Noticed a death cob
 20195 | D:13     | Killed a death cob
 20451 | Snake:1  | Entered Level 1 of the Snake Pit
 20568 | Snake:1  | Reached skill level 10 in Dodging
 20870 | Snake:1  | Found Isieseco's Overcharged Wands.
 21364 | Snake:2  | Reached skill level 10 in Unarmed Combat
 21365 | Snake:2  | Noticed a nagaraja
 21502 | Snake:2  | Gained mutation: You have a tail ending in a sharp stinger.
                  | [demonic ancestry]
 21502 | Snake:2  | Reached XP level 16. HP: 58/125 MP: 27/27
 21851 | Snake:2  | Was forgiven by Yredelemnul
 21852 | Snake:2  | Noticed a death cob
 21862 | Snake:2  | Mangled by a death cob

Illustrated notes

Levels and vault maps discovered:
D:1:      dpeg_arrival_round_a, layout_loops_ring,
          shapermc_ecumenical_altar_petra, chequers_serial_rivers_small_b,
          chequers_hall_statues_corner_a
D:2:      layout_loops_ring
D:3:      layout_basic, jmf_multi_god_temple, grunt_decor_junction
D:4:      layout_cave_pools, uniq_ijyb, uniq_eustachio, uniq_crazy_yiuf_cottage
D:5:      layout_cave_pods, uniq_prince_ribbit1
D:6:      layout_loops_cross, minmay_temple_entry_overgrown
D:7:      layout_basic, kennysheep_orc_sif_temple, serial_shops, shop
D:8:      layout_cave_pools, lemuel_crystal_altar, nicolae_uskayaw_dance_studio,
          biasface_ghost_orc_armoury, hangedman_incinerator
D:9:      layout_loops_ring, lemuel_coloured_pillars_altar,
          lemuel_crystal_altar, serial_undead, serial_undead_e, serial_undead_d,
          serial_undead_d, serial_undead_b
D:10:     layout_layer_cave, nicolae_gozag_seed_capital,
          chequers_serial_rivers_marsh, uniq_fannar
D:11:     layout_stronghold, lair_entry_dummy, serial_shops, shop
D:12:     layout_basic, david_orc_3, serial_ice, serial_ice_l, serial_ice_m,
          serial_ice_e, serial_ice_b, portal_ice_cave_entry_imps
D:13:     layout_cave_pods, erik_vaults_1
Temple:   nicolae_temple_superstar
Lair:1:   layout_misc_corridors, dreamdust_mushroom_princess,
          grunt_megastairs_5, uniq_sonja
Lair:2:   layout_hall_layers, basic_altar
Lair:3:   layout_cave_pods, swamp_mist, dummy_snake_entry
Lair:4:   layout_cave_pods, slime_entry_2, nicolae_volcano_entry_batcave,
          gammafunk_ghost_wrathful_warriors, eino_house_with_fridge
Lair:5:   grunt_lair_end_beastmaster, layout_regular_city,
          gauntlet_entry_generic
Snake:1:  layout_misc_corridors, nicolae_shop_overcharged_wands,
          serial_bayou_shore_a, lemuel_fruit_tree
Snake:2:  layout_grid_shapes, nicolae_snake_horde_hoard, minmay_shoptagon
Orc:1:    hellmonk_paralyzer, layout_diamond_mine, basic_altar,
          guppyfry_orc_lava_fort, uniq_urug, uniq_maurice, uniq_nergalle
Orc:2:    grunt_orc_gardens, layout_diamond_mine, grunt_orc_garden,
          grunt_orc_garden, grunt_orc_garden, grunt_orc_garden,
          nicolae_shop_firing_range, uniq_nessos

Skill      XL: |  1  2  3  4  5  6  7  8  9 10 11 12 13 14 15 16 |
---------------+-------------------------------------------------+-----
Long Blades    | 3 4 5 6 7 8 9 10 12 14 | 14.7
Dodging        | 3 4 5 6 7 8 9 10 11 | 11.4
Throwing       | 2 3 4 |  4.0
Armour         | 1 2 3 4 5 6 |  6.3
Invocations    | 1 2 3 5 7 8 10 11 12 13 14 15 | 15.9
Stealth        | 2 3 4 5 6 |  6.1
Fighting       | 3 4 6 7 8 9 10 11 | 11.6
Unarmed Combat | 2 4 5 7 8 9 10 | 10.1
Shields        | 2 3 |  3.9
Short Blades   | |  0.6

Action                     |  1- 3 |  4- 6 |  7- 9 | 10-12 | 13-15 | 16-18 || total
---------------------------+-------+-------+-------+-------+-------+-------++-------
  Melee: Long sword        |    92 |    90 |   136 |       |       |       ||   318
         Tailslap          |       |    10 |    23 |    74 |   241 |    26 ||   374
         Punch             |       |     1 |     3 |    17 |    71 |    10 ||   102
         Great sword       |       |       |    29 |       |       |       ||    29
         Falchion          |       |       |    29 |   429 |  1017 |   103 ||  1578
         Touch             |       |       |    10 |    89 |   258 |    27 ||   384
         Quick blade       |       |       |       |       |    10 |       ||    10
  Throw: Throwing net      |     1 |     4 |     1 |       |       |       ||     6
         Dart              |       |       |     2 |       |     3 |       ||     5
         Boomerang         |       |       |     2 |       |       |       ||     2
         Javelin           |       |       |       |     7 |    33 |     1 ||    41
 Invoke: Recall Undead Har |       |     1 |     6 |     6 |     3 |       ||    16
         Dark Bargain      |       |       |       |     5 |       |       ||     5
         Upheaval          |       |       |       |       |    10 |       ||    10
         Elemental Force   |       |       |       |       |     3 |     1 ||     4
         Disaster Area     |       |       |       |       |     1 |       ||     1
    Use: Potion            |     1 |     4 |     6 |     5 |     3 |     1 ||    20
         Scroll            |     8 |     2 |     6 |     5 |     9 |     1 ||    31
   Stab: Sleeping          |     4 |     2 |     4 |     8 |     5 |       ||    23
         Held in net/web   |     1 |     2 |     1 |       |       |       ||     4
         Distracted        |       |     1 |     2 |     2 |     2 |     1 ||     8
         Invisible         |       |       |     4 |       |       |       ||     4
         Paralysed         |       |       |       |       |     2 |       ||     2
         Petrified         |       |       |       |       |     1 |       ||     1
         Confused          |       |       |       |       |     1 |       ||     1
 Armour: Leather armour    |    16 |    31 |    66 |   118 |     4 |       ||   235
         Skin              |     8 |       |       |    47 |       |       ||    55
         Chain mail        |       |     6 |       |    80 |       |       ||    86
         Animal skin       |       |       |       |     3 |   119 |     3 ||   125
  Dodge: Dodged            |    53 |    65 |   161 |   485 |   707 |    87 ||  1558
         Repelled          |       |       |       |       |    15 |     1 ||    16
  Block: Other             |       |       |       |       |   119 |    12 ||   131
